 Dungeon Crawl Stone Soup version 0.28-a0-1510-gd0f6b136d3 (webtiles) character file.

Game seed: 17438153699379931449

13524 enile the Fighter (level 12, -1/72 HPs)
             Began as a Tengu Wanderer on Jan 15, 2022.
             Was a Follower of Uskayaw.
             Slain by a ghost moth (12 damage)
             ... on level 2 of the Lair of Beasts.
             The game lasted 00:44:49 (14152 turns).

enile the Fighter (Tengu Wanderer)                 Turns: 14152, Time: 00:44:50

Health: -1/72      AC:  7    Str: 18 (19) XL:     12   Next: 6%
Magic:  0/16       EV: 22    Int: 10      God:    Uskayaw [*.....]
Gold:   645        SH:  5    Dex: 15 (17) Spells: 10/13 levels left

rFire   . . .      SeeInvis .   O - +10 mace of Efine {drain, rCorr}
rCold   . . .      Faith    .   (no shield)
rNeg    . . .      Spirit   .   G - +0 troll leather armour
rPois   +          Reflect  +   (helmet restricted)
rElec   .          Harm     .   z - +1 cloak
rCorr   +          Rampage  +   (no gloves)
Will    .....      NoTele   +   (boots unavailable)
Stlth   ++++......              V - amulet "Ziamiolei" {Reflect -Tele Rampage rPois SH+5}
HPRegen 1.02/turn               E - +4 ring of slaying
MPRegen 0.15/turn               F - +4 ring of evasion

@: flying quickly and evasively, hasted, very quick
A: beak, talons 3, nimble flight, thin skeletal structure 1, frail 1
a: Renounce Religion, Stomp


You were on level 2 of the Lair of Beasts.
You worshipped Uskayaw.
Uskayaw was noncommittal.
You visited 2 branches of the dungeon, and saw 11 of its levels.

You collected 938 gold pieces.
You spent 293 gold pieces at shops.

Inventory:

Hand Weapons
 a - a +0 morningstar of venom
 c - a +0 spectral falchion
 B - a +2 long sword of draining
 N - the +0 flail "Custe" {speed, rPois rF- Stlth+}
   (You found it on level 6 of the Dungeon)

   Attacks with this weapon are significantly faster.
   rF:        It makes you vulnerable to fire.
   rPois:     It protects you from poison.
   Stlth:     It makes you more stealthy.
 O - the +10 mace of Efine (weapon) {drain, rCorr}
   (You found it on level 6 of the Dungeon)

   A truly terrible weapon, it drains the life of any living foe it strikes.
   rCorr:     It protects you from acid and corrosion.
Missiles
 j - 5 curare-tipped darts
 P - 2 javelins
 Q - 22 poisoned darts
Armour
 v - a +0 chain mail
 z - a +1 cloak (worn)
 A - a +0 ring mail
 G - a +0 troll leather armour (worn)
Jewellery
 i - an amulet of magic regeneration
 k - a +6 ring of intelligence
 n - a ring of protection from cold
 s - a ring of positive energy
 E - a +4 ring of slaying (left hand)
 F - a +4 ring of evasion (right hand)
 V - the amulet "Ziamiolei" (around neck) {Reflect -Tele Rampage rPois SH+5}
   (You acquired it on level 9 of the Dungeon)

   [amulet of reflection]

   It reflects blocked missile attacks.
   rPois:     It protects you from poison.
   -Tele:     It prevents most forms of teleportation.
   SH:        It affects your SH (+5).
   Rampage:   It bestows one free step when moving towards enemies.
Wands
 b - a wand of flame (42)
 e - a wand of acid (6)
 C - a wand of charming (2)
 D - a wand of polymorph (3) (quivered)
 U - a wand of iceblast (14)
Scrolls
 d - 2 scrolls of vulnerability
 l - 3 scrolls of teleportation
 q - 3 scrolls of blinking
 w - 2 scrolls of immolation
 x - a scroll of torment
 y - a scroll of fog
 I - 2 scrolls of fear
 J - 3 scrolls of noise {unknown}
 M - 3 scrolls of enchant weapon {unknown}
 R - a scroll of enchant armour
 S - 2 scrolls of silence
 T - 2 scrolls of holy word {unknown}
 W - a scroll of amnesia
 Z - a scroll of magic mapping
Potions
 f - a potion of degeneration {unknown}
 g - 5 potions of curing
 h - a potion of heal wounds {unknown}
 m - 2 potions of haste
 o - a potion of berserk rage {unknown}
 p - a potion of attraction
 r - 4 potions of flight
 t - a potion of might
 u - 2 potions of lignification {unknown}
 H - 2 potions of cancellation {unknown}
 K - a potion of brilliance {unknown}
 L - 2 potions of invisibility {unknown}
 X - a potion of magic {unknown}
 Y - 2 potions of resistance {unknown}


   Skills:
 - Level 11.0 Fighting
 - Level 1.2(3.3) Short Blades
 - Level 4.8(5.0) Long Blades
 - Level 2.0(4.5) Axes
 + Level 6.5(6.7) Maces & Flails
 - Level 5.0 Throwing
 - Level 6.1 Armour
 - Level 8.0 Dodging
 - Level 7.0 Stealth
 - Level 1.0 Spellcasting
 - Level 3.0 Conjurations
 - Level 5.0 Invocations
 - Level 5.0 Evocations


You had 10 spell levels left.
You knew the following spells:

 Your Spells              Type           Power      Damage    Failure   Level
a - Slow                  Hex            0%         N/A       36%         1
b - Searing Ray           Conj           12%        2d4       17%         2

Your spell library contained the following spells:

 Spells                   Type           Power      Damage    Failure   Level
 Magic Dart               Conj           24%        1d4       12%         1
 Corpse Rot               Necr/Air       0%         N/A       52%         2
 Ensorcelled Hibernation  Hex/Ice        0%         N/A       52%         2
 Poisonous Vapours        Pois/Air       0%         N/A       52%         2
 Conjure Flame            Conj/Fire      3%         6-21      54%         3
 Confusing Touch          Hex            0%         N/A       75%         3
 Ignite Poison            Fire/Tmut/Pois 0%         N/A       75%         3
 Spider Form              Tmut/Pois      0%         N/A       75%         3
 Vampiric Draining        Necr           0%         2d6       75%         3
 Fulminant Prism          Conj/Hex       1%         3d6       91%         4
 Sticky Flame             Conj/Fire      3%         2d3       91%         4
 Anguish                  Hex/Necr       0%         N/A       98%         4


Dungeon Overview and Level Annotations

Branches:
Dungeon (9/15)             Temple (0/1) D:7            Lair (2/6) D:8
  Snake (0/4) Lair:2
  Swamp: Lair:2-4    Shoals: Lair:2-4       Orc: D:9-12

Altars:
Ashenzari
Cheibriados
Elyvilon
Gozag
Sif Muna
Uskayaw
Zin

Shops:
D:2 *   D:9 (

Portals:
Abyss: D:5

Annotations:
D:5 2 transporters, murtidash's ghost, novice HODe
Lair:1 exclusion: 2 hydras, Joseph


Innate Abilities, Weirdness & Mutations

You have a beak for a mouth.
You have claws for feet.
Your magical nature lets you fly swiftly and evasively.
You have a somewhat thin skeletal structure. (Dex +2, Stealth+)
You are frail. (-10% HP)


Message History

Aiming: Polymorph
Press: ? - help, Q - select action, (/) - cycle Shift-Dir - straight line, f - six-headed hydra
Aim: a six-headed hydra (lightly wounded, lightly drained, will become a storm dragon, a merfolk, or a ghost moth, chance to affect: 31%)
The six-headed hydra easily resists.
Aiming: Polymorph
Press: ? - help, Q - select action, (/) - cycle Shift-Dir - straight line, f/p - six-headed hydra
Aim: a six-headed hydra (lightly wounded, lightly drained, will become a storm dragon, a merfolk, or a ghost moth, chance to affect: 31%)
The six-headed hydra easily resists.
Unknown command.
The six-headed hydra seems less drained.
The sentinel's mark upon you fades away.
Aiming: Polymorph
Press: ? - help, Q - select action, (/) - cycle Shift-Dir - straight line, f/p - six-headed hydra
Aim: a six-headed hydra (will become a storm dragon, a merfolk, or a ghost moth, chance to affect: 27%)
The six-headed hydra evaporates and reforms as something you cannot see!
Unknown command.
You feel you are being watched by something.
You feel your power leaking away. Something hits you.
Deactivating autopickup; reactivate with Ctrl-A.
Something hits you! Something stings you!
You feel you are being watched by something.
You feel your power leaking away. Something hits you!!
You feel weakened. Something hits you!
You feel clumsy. Something stings you.
* * * LOW HITPOINT WARNING * * *
You cannot blink because you are wearing the amulet "Ziamiolei" {Reflect -Tele Rampage rPois SH+5}.
A cane toad comes into view.
You feel you are being watched by something.
You feel your power leaking away.
You feel yourself speed up. Something closely misses you. Something hits you!
* * * LOW HITPOINT WARNING * * *
You feel clumsy.
Something stings you but does no damage.
You feel you are being watched by something.
Something hits you!
You die...

#### ### ##########
#.P.###############.####.##P#.#..
.................................
.................................
................)................
.................................
............#....................
######..#.......@............#...
......†....#............##....###
....##†##..#.#.#.##...#####..##
...##...##.........†...# #...#
...#.....#.............# #..##
..##.....##.F..........# ...#
..#..###..#...†#†#.#..##
.+#.......#...†.#####.#
..#...>...#.....# #.#


You could see a cane toad (wandering).

Vanquished Creatures
  2 hydras
  A boulder beetle (D:9)
  2 two-headed ogres (D:9)
  Pikel (D:4)
  A deep elf pyromancer (D:9)
  A cane toad (Lair:2)
  2 trolls
  2 hornets (D:9)
  4 blink frogs (Lair:1)
  4 yaks
  A basilisk (Lair:1)
  6 wyverns
  A steam dragon (D:9)
  5 nagas
  4 water moccasins (Lair:1)
  A sky beast (D:7)
  4 orc warriors
  A black bear (D:6)
  An ice beast (D:6)
  An ogre (D:6)
  2 necrophages
  5 wolves (Lair:2)
  4 centaurs
  3 phantoms
  Blork the orc (D:4)
  4 kobold brigands
  9 bullfrogs
  2 gnoll sergeants (D:9)
  A scorpion (D:5)
  A wyvern zombie (D:6)
  2 killer bees (D:9)
  3 wights (D:8)
  3 howler monkeys
  A bullfrog zombie (D:7)
  A jelly (D:4)
  6 centaur zombies
  2 hounds
  A bullfrog skeleton (D:6)
  Crazy Yiuf (D:4)
  A centaur skeleton (D:6)
  6 orc priests
  3 gnoll shamans
  Jessica (D:3)
  A scorpion zombie (D:5)
  8 hell rats
  7 orc wizards
  A hound zombie (D:5)
  2 howler monkey zombies
  15 gnolls
  7 adders
  2 river rats (D:8)
  2 shadow imps
  A white imp (D:6)
  3 worms
  A dart slug (D:1)
  18 orcs
  5 endoplasms
  2 giant cockroaches (D:2)
  2 goblins (D:3)
  7 hobgoblins
  4 jackals (D:3)
  6 quokkas
  6 ball pythons
  8 bats
  3 frilled lizards
  15 kobolds
  10 rats
244 creatures vanquished.

Vanquished Creatures (collateral kills)
  A kobold demonologist (D:6)
  2 wights
3 creatures vanquished.

Vanquished Creatures (others)
  A yak (D:9)
  A kobold brigand (D:6)
  A wight (D:8)
  A hound (D:5)
  6 fungi
  3 plants
13 creatures vanquished.

Grand Total: 260 creatures vanquished

Notes
Turn   | Place    | Note
-------+----------+-------------------------------------------
     0 | D:1      | enile the Tengu Wanderer began the quest for the Orb.
     0 | D:1      | enile set off with the following items: a +2 dagger, 3
                  | curare-tipped darts, a +0 falchion, a scroll of
                  | vulnerability, a +0 leather armour
     0 | D:1      | Reached XP level 1. HP: 12/12 MP: 2/2
     9 | D:1      | Found a faded altar of an unknown god.
    42 | D:1      | Prayed at the altar of an unknown god.
    42 | D:1      | Became a worshipper of Uskayaw the Reveller
    42 | D:1      | Reached * piety under Uskayaw
    91 | D:1      | Reached ** piety under Uskayaw
   150 | D:1      | Reached skill level 1 in Short Blades
   433 | D:1      | Reached XP level 2. HP: 11/17 MP: 3/3
  1152 | D:2      | Reached skill level 3 in Fighting
  1152 | D:2      | Reached XP level 3. HP: 18/23 MP: 4/4
  1270 | D:2      | Reached skill level 1 in Invocations
  1320 | D:2      | Reached skill level 1 in Dodging
  1383 | D:2      | Reached *** piety under Uskayaw
  1384 | D:2      | Reached XP level 4. HP: 21/28 MP: 5/5
  1557 | D:2      | Reached skill level 1 in Axes
  1581 | D:2      | Found Rifewkoz's Assorted Antiques.
  1623 | D:2      | Bought a lumpy emerald potion for 24 gold pieces
  1623 | D:2      | Bought a cyan potion for 24 gold pieces
  2087 | D:3      | Gained mutation: Your magical nature lets you fly swiftly
                  | and evasively. [Tengu growth]
  2087 | D:3      | Reached XP level 5. HP: 23/32 MP: 6/6
  2278 | D:3      | Noticed Jessica
  2281 | D:3      | Killed Jessica
  2888 | D:3      | Found an opulent altar of Gozag.
  2888 | D:3      | Found a white marble altar of Elyvilon.
  3344 | D:4      | Found a broken altar of Ashenzari.
  3346 | D:4      | Noticed Blork the orc
  3478 | D:4      | Reached skill level 4 in Fighting
  3478 | D:4      | Reached XP level 6. HP: 26/38 MP: 6/8
  3632 | D:4      | Noticed Pikel
  3643 | D:4      | Killed Pikel
  3644 | D:4      | Reached skill level 5 in Fighting
  3644 | D:4      | Reached skill level 1 in Stealth
  3644 | D:4      | Reached XP level 7. HP: 44/44 MP: 8/10
  4565 | D:4      | Found a runed translucent door.
  4566 | D:4      | Noticed Crazy Yiuf
  4685 | D:4      | Gained mutation: You have a somewhat thin skeletal
                  | structure. (Dex +2, Stealth+) [potion of mutation]
  4685 | D:4      | Gained mutation: You are frail. (-10% HP) [potion of
                  | mutation]
  4704 | D:4      | Killed Crazy Yiuf
  5699 | D:5      | Entered Level 5 of the Dungeon
  5717 | D:5      | Reached XP level 8. HP: 34/44 MP: 11/11
  6180 | D:5      | Found a snail-covered altar of Cheibriados.
  6458 | D:5      | Found a shimmering blue altar of Sif Muna.
  6473 | D:5      | Reached skill level 6 in Fighting
  6476 | D:5      | Reached skill level 1 in Evocations
  6714 | D:5      | Found a transporter.
  6717 | D:5      | Found a transporter.
  6719 | D:5      | Found a one-way gate to the infinite horrors of the Abyss.
  6719 | D:5      | Noticed murtidash's ghost (novice HODe)
  7133 | D:6      | Learned a level 1 spell: Slow
  7151 | D:6      | Reached skill level 7 in Fighting
  7154 | D:6      | Learned a level 2 spell: Searing Ray
  7307 | D:6      | Reached skill level 1 in Spellcasting
  7307 | D:6      | Reached skill level 1 in Conjurations
  7692 | D:6      | Reached XP level 9. HP: 47/51 MP: 12/12
  7736 | D:6      | Identified the +0 flail "Custe" {speed, rPois rF- Stlth+}
  7887 | D:6      | Identified the +10 mace of Efine {drain, rCorr}
  7924 | D:6      | Reached skill level 1 in Maces & Flails
  8285 | D:6      | Noticed a kobold demonologist
  8286 | D:6      | Noticed an orange demon
  8305 | D:6      | Killed a kobold demonologist
  8713 | D:6      | Reached skill level 5 in Armour
  9191 | D:4      | Killed Blork the orc
  9447 | D:7      | Reached skill level 5 in Dodging
 10326 | D:7      | Noticed a troll
 10332 | D:7      | Killed a troll
 10371 | D:7      | Found a staircase to the Ecumenical Temple.
 10399 | D:7      | Found a glowing silver altar of Zin.
 10993 | D:8      | Reached XP level 10. HP: 56/56 MP: 14/14
 11002 | D:8      | Reached **** piety under Uskayaw
 11023 | D:8      | Noticed a death yak
 11023 | D:8      | Noticed a death yak
 11035 | D:8      | Noticed a death yak
 11486 | D:8      | Found a staircase to the Lair.
 11636 | D:8      | Reached skill level 8 in Fighting
 11853 | D:9      | Found Xosaa's Antique Weapon Shoppe.
 11855 | D:9      | Noticed a two-headed ogre
 11961 | D:9      | Noticed a deep elf pyromancer
 11973 | D:9      | Reached skill level 9 in Fighting
 11973 | D:9      | Reached ***** piety under Uskayaw
 12023 | D:9      | Identified a scroll of acquirement
 12025 | D:9      | Acquired the amulet "Ziamiolei" {Reflect -Tele Rampage
                  | rPois SH+5}
 12071 | D:9      | Killed a two-headed ogre
 12108 | D:9      | Bought a runed morningstar for 245 gold pieces
 12152 | D:9      | Noticed a boulder beetle
 12272 | D:9      | Killed a boulder beetle
 12273 | D:9      | Reached skill level 10 in Fighting
 12273 | D:9      | Reached skill level 5 in Stealth
 12273 | D:9      | Reached XP level 11. HP: 64/64 MP: 15/15
 12314 | D:9      | Killed a deep elf pyromancer
 12392 | D:9      | Noticed a two-headed ogre
 12414 | D:9      | Killed a two-headed ogre
 13000 | Lair:1   | Entered Level 1 of the Lair of Beasts
 13061 | Lair:1   | Identified the +2 helmet "Jicryigu" {Fly rF+ Int+3}
 13091 | Lair:1   | Reached skill level 5 in Evocations
 13236 | Lair:1   | Noticed a seven-headed hydra
 13290 | Lair:1   | Noticed a five-headed hydra
 13292 | Lair:1   | Noticed Joseph
 13292 | Lair:1   | Noticed a seven-headed hydra
 13316 | Lair:1   | Killed a five-headed hydra
 13781 | Lair:2   | Noticed a six-headed hydra
 13790 | Lair:2   | Killed a six-headed hydra
 13791 | Lair:2   | Reached skill level 5 in Invocations
 13985 | Lair:2   | Reached skill level 11 in Fighting
 13998 | Lair:2   | Found a staircase to the Snake Pit.
 14007 | Lair:2   | Reached skill level 5 in Maces & Flails
 14069 | Lair:2   | Reached XP level 12. HP: 72/72 MP: 16/16
 14111 | Lair:2   | Noticed a six-headed hydra
 14147 | Lair:2   | a six-headed hydra changed into something unseen
 14152 | Lair:2   | Slain by a ghost moth

Illustrated notes

Levels and vault maps discovered:
D:1:      psy_arrival_terrarium, layout_basic, ebering_ecumenical_altar_rust
D:2:      layout_loops_ring, serial_shops, nicolae_square_shop,
          hangedman_feature_mirror, minmay_tromino_i4
D:3:      layout_basic, gammafunk_temple_overflow_wave, uniq_jessica
D:4:      layout_basic, cheibrodos_ashenzari_chains, minmay_between,
          uniq_crazy_yiuf_cottage, uniq_pikel, uniq_blork_the_orc
D:5:      layout_basic, kennysheep_orc_sif_temple, lemuel_tele_altar,
          gammafunk_ghost_abyssal_escape
D:6:      layout_basic, minivault_10, nicolae_zen_rock_garden
D:7:      layout_gridville, mainiacjoe_overflow_alcove_1,
          minmay_temple_entry_metal_lava, minmay_misc_feat_nine_boxes,
          minivault_5
D:8:      layout_cave_pools, dpeg_lair_monsters
D:9:      cheibrodos_ideogram_h, layout_rooms, serial_shops, shop_coins
Lair:1:   layout_cave_pods, uniq_prince_ribbit2, uniq_joseph
Lair:2:   layout_chaotic_city, minmay_snake_entry_guardpost_medium

Skill      XL: |  1  2  3  4  5  6  7  8  9 10 11 12 |
---------------+-------------------------------------+-----
Short Blades   | 1 |  1.2
Fighting       | 3 4 5 7 10 11 | 11.0
Invocations    | 1 3 4 5 |  5.0
Dodging        | 2 3 4 5 7 8 |  8.0
Axes           | 2 |  2.0
Armour         | 2 3 5 6 |  6.1
Long Blades    | 3 4 |  4.8
Stealth        | 1 2 4 5 7 |  7.0
Evocations     | 3 5 |  5.0
Spellcasting   | 1 |  1.0
Conjurations   | 2 3 |  3.0
Maces & Flails | 3 4 5 6 |  6.5
Throwing       | |  5.0

Action                   |  1- 3 |  4- 6 |  7- 9 | 10-12 || total
-------------------------+-------+-------+-------+-------++-------
Melee: Dagger            |    26 |       |       |       ||    26
       Kick              |     7 |    17 |    56 |    83 ||   163
       Punch             |     1 |     1 |     2 |     4 ||     8
       Hand axe          |    25 |    71 |       |       ||    96
       Peck              |     5 |    10 |    38 |    59 ||   112
       Falchion          |       |     2 |    92 |       ||    94
       Unarmed           |       |       |     2 |       ||     2
       Mace              |       |       |    94 |   258 ||   352
Throw: Javelin           |     3 |    11 |    11 |    17 ||    42
       Dart              |       |     4 |     4 |     3 ||    11
 Cast: Searing Ray       |       |       |     5 |     2 ||     7
Invok: Stomp             |     1 |       |       |     3 ||     4
       Line Pass         |       |       |       |     1 ||     1
Evoke: Wand              |       |       |     4 |     8 ||    12
  Use: Potion            |     1 |       |     3 |     1 ||     5
       Scroll            |       |     4 |    10 |    10 ||    24
 Stab: Sleeping          |       |       |     8 |     4 ||    12
       Distracted        |       |       |     3 |     1 ||     4
       Paralysed         |       |       |     4 |    20 ||    24
Armor: Leather armour    |    15 |    11 |     1 |       ||    27
       Ring mail         |       |       |    23 |       ||    23
       Troll leather arm |       |       |       |    43 ||    43
Dodge: Dodged            |    28 |    45 |   137 |   284 ||   494
Block: Other             |       |       |       |    41 ||    41
       Reflection        |       |       |       |     1 ||     1

Table legend: (Time is in decaauts)
 A = Elapsed time spent in this place.
 B = Non-inter-level travel time spent in this place.
 C = Inter-level travel time spent in this place.
 D = Time resting spent in this place.
 E = Time spent auto-exploring this place.
 F = Levels seen in this place.
 G = Mean time per level.
                   A        B        C        D        E       F      G
               +--------+--------+--------+--------+--------+-----+--------+
         Total |  13579 |  13017 |    562 |   1890 |   8312 |  11 | 1234.5 |
       Dungeon |  12504 |  11963 |    541 |   1876 |   7631 |   9 | 1389.3 |
          Lair |   1075 |   1054 |     21 |     14 |    681 |   2 |  537.5 |
               +--------+--------+--------+--------+--------+-----+--------+

Top non-repeatable levels by time:
     D:3: 2341 daAuts
     D:6: 1966 daAuts
     D:5: 1643 daAuts
     D:7: 1460 daAuts
     D:4: 1289 daAuts
     D:1: 1143 daAuts
     D:9: 1088 daAuts
     D:2: 882 daAuts
  Lair:1: 741 daAuts
     D:8: 688 daAuts
  Lair:2: 333 daAuts
